 Dungeon Crawl Stone Soup version 0.28.0-53-g5a82cb258f (webtiles) character file.

Game seed: 15614467819908847070

20239 Zeld the Zephyrmancer (level 12, -1/67 (75) HPs)
             Began as a Tengu Air Elementalist on June 7, 2022.
             Was an Initiate of Gozag.
             Killed from afar by a tengu reaver (68 damage)
             ... with a bolt of negative energy
             ... on level 13 of the Dungeon.
             The game lasted 00:24:46 (28124 turns).

Zeld the Zephyrmancer (Tengu Air Elementalist)     Turns: 28124, Time: 00:24:46

HP:   -1/67 (75)    AC:  7    Str:  8    XL:     12   Next: 77%
MP:   8/27          EV: 17    Int: 31    God:    Gozag
Gold: 395           SH:  5    Dex: 16    Spells: 13/31 levels left

rFire   + + .      SeeInvis .   a - +5 mace "Riocsao" {drain, rPois Int+5 Stlth+}
rCold   . . .      Faith    .   (no shield)
rNeg    . . .      Spirit   .   v - +2 leather armour of Memifom {rF++ Int+6 Slay-4}
rPois   +          Reflect  +   (helmet restricted)
rElec   .          Harm     .   m - +0 cloak
rCorr   .          Rampage  .   z - +0 pair of gloves
Will    +....                   (boots unavailable)
Stlth   ++++......              e - amulet of reflection
HPRegen 0.21/turn               x - ring of willpower
MPRegen 0.20/turn               (no ring)

@: gold aura, flying quickly and evasively, heavily drained, quick
A: beak, talons 3, nimble flight
a: Renounce Religion, Potion Petition, Call Merchant, Bribe Branch


You were on level 13 of the Dungeon.
You worshipped Gozag.
Gozag was aware of your devotion.
You visited 3 branches of the dungeon, and saw 15 of its levels.

You collected 1950 gold pieces.
You spent 628 gold pieces at shops.
You paid 927 gold pieces to Gozag.

Inventory:

Hand Weapons
 a - the +5 mace "Riocsao" (weapon) {drain, rPois Int+5 Stlth+}
   (You took it off an orc on level 12 of the Dungeon)

   A truly terrible weapon, it drains the life of any living foe it strikes.
   Int:       It affects your intelligence (+5).
   rPois:     It protects you from poison.
   Stlth:     It makes you more stealthy.
Armour
 m - a +0 cloak (worn)
 q - an orb of energy
 v - the +2 leather armour of Memifom (worn) {rF++ Int+6 Slay-4}
   (You bought it in a shop on level 9 of the Dungeon)

   Int:       It affects your intelligence (+6).
   Slay:      It affects your accuracy & damage with ranged weapons and melee
   (-4).
   rF:        It greatly protects you from fire.
 z - a +0 pair of gloves (worn)
Jewellery
 e - an amulet of reflection (around neck)
 x - a ring of willpower (left hand)
Wands
 b - a wand of flame (20)
 k - a wand of mindburst (2)
 w - a wand of polymorph (5)
Scrolls
 d - a scroll of summoning
 f - 4 scrolls of amnesia
 i - a scroll of enchant armour
 j - 3 scrolls of teleportation
 s - 2 scrolls of holy word
 y - a scroll of magic mapping
 A - a scroll of brand weapon
 C - a scroll of identify
Potions
 c - 2 potions of haste {unknown}
 g - a potion of resistance {unknown}
 h - 5 potions of might
 l - 4 potions of curing {unknown}
 n - 3 potions of lignification {unknown}
 o - a potion of heal wounds {unknown}
 p - 3 potions of brilliance
 r - a potion of magic {unknown}
 t - 2 potions of mutation {unknown}
 u - 2 potions of attraction {unknown}
 B - a potion of degeneration {unknown}


   Skills:
 * Level 8.8 Fighting
 + Level 7.1 Dodging
 + Level 7.0 Stealth
 - Level 10.0 Spellcasting
 - Level 8.0 Conjurations
 + Level 3.1 Fire Magic
 - Level 10.0 Air Magic
 - Level 2.0 Poison Magic
 * Level 8.8 Evocations


You had 13 spell levels left.
You knew the following spells:

 Your Spells              Type           Power      Damage    Failure   Level
a - Shock                 Conj/Air       100%       1d9       1%          1
b - Static Discharge      Conj/Air       63%        N/A       1%          2
c - Swiftness             Air            67%        N/A       1%          3
d - Airstrike             Air            33%        N/A       1%          4
q - Mephitic Cloud        Conj/Pois/Air  54%        N/A       1%          3
s - Fireball              Conj/Fire      24%        3d11      14%         5

Your spell library contained the following spells:

 Spells                   Type           Power      Damage    Failure   Level
 Magic Dart               Conj           100%       1d8       1%          1
 Conjure Flame            Conj/Fire      49%        6-21      1%          3
 Stone Arrow              Conj/Erth      80%        3d12      2%          3
 Freeze                   Ice            60%        1d8       4%          1
 Summon Small Mammal      Summ           60%        N/A       4%          1
 Call Imp                 Summ           15%        N/A       7%          2
 Ensorcelled Hibernation  Hex/Ice        30%        N/A       7%          2
 Spider Form              Tmut/Pois      21%        N/A       10%         3
 Ozocubu's Armour         Ice            15%        N/A       14%         3
 Anguish                  Hex/Necr       7%         N/A       43%         4
 Metabolic Englaciation   Hex/Ice        7%         N/A       78%         5
 Simulacrum               Ice/Necr       7%         N/A       100%        6
 Lehudib's Crystal Spear  Conj/Erth      20%        10d6      100%        8
 Summon Horrible Things   Summ           7%         N/A       100%        8


Dungeon Overview and Level Annotations

Branches:
Dungeon (13/15)            Temple (1/1) D:7            Lair (0/6) D:10
    Orc (1/2) D:10
 Vaults: D:13-14

Altars:
Ashenzari
Cheibriados
Dithmenos
Elyvilon
Fedhas
Gozag
Hepliaklqana
Kikubaaqudgha
Makhleb
Nemelex Xobeh
Okawaru
Qazlal
Ru
Sif Muna
Trog
Uskayaw
Vehumet
Wu Jian
Xom
Yredelemnul
Zin
The Shining One

Shops:
D:1 *   D:2 [   D:9 *   D:10 (   D:12 :


Innate Abilities, Weirdness & Mutations

You have a beak for a mouth.
You have claws for feet.
Your magical nature lets you fly swiftly and evasively.


Message History

Casting: Airstrike (dangerous; 1% risk of failure)
Confirm with . or Enter, or press ? or * to list all spells.
Aiming: Airstrike (dangerous; 1% risk of failure)
Press: ? - help, Dir - move target, f - manticore
Aim: a manticore (wandering, hasn't noticed you, empty space bonus: 8/8)
The air twists around and strikes the manticore!!
The manticore is moderately wounded.
Unknown command.
Casting: Airstrike (dangerous; 1% risk of failure)
Confirm with . or Enter, or press ? or * to list all spells.
Aiming: Airstrike (dangerous; 1% risk of failure)
Press: ? - help, Dir - move target, f/p - manticore
Aim: a manticore (moderately wounded, empty space bonus: 8/8)
The air twists around and strikes the manticore!
The manticore is heavily wounded.
Unknown command.
Casting: Airstrike (dangerous; 1% risk of failure)
Confirm with . or Enter, or press ? or * to list all spells.
Aiming: Airstrike (dangerous; 1% risk of failure)
Press: ? - help, Dir - move target, f/p - manticore
Aim: a manticore (heavily wounded, empty space bonus: 8/8)
The air twists around and strikes the manticore!
The manticore is severely wounded.
The manticore flicks its tail.
The volley of spikes reflects off an invisible shield around you!
The volley of spikes hits the manticore!
Casting: Airstrike (dangerous; 1% risk of failure)
Confirm with . or Enter, or press ? or * to list all spells.
Aiming: Airstrike (dangerous; 1% risk of failure)
Press: ? - help, Dir - move target, f/p - manticore
Aim: a manticore (almost dead, skewered by barbs, empty space bonus: 8/8)
The air twists around and strikes the manticore!
You kill the manticore!
Your Stealth skill increases to level 7!
Unknown command.
The tengu reaver casts a spell at you. The bolt of negative energy hits you!!!
You feel drained.
Ouch! That really hurt!
You die...
Your body crumbles into a pile of gold.

###.#....................
#.........$............
##+#....................
........................
........................
.###Q#### #######.### ..
#.# ##########.### #.#
#............. #@#
#.########.### #.# #.#
####.... #.# #.# #.....##
#.###.#####.......
#........##.......
#####.##.##.......
####.##.##.......
#........'.......
#.##.##.##.......


You could see a tengu reaver.

Vanquished Creatures
  A spark wasp (shapeshifter) (D:13)
  A hydra (D:12)
  5 two-headed ogres
  A centaur warrior (D:13)
  A tengu warrior (D:13)
  A deep elf pyromancer (D:12)
  2 ugly things
  A cyclops (D:12)
  5 manticores
  A gargoyle (D:11)
  A komodo dragon (D:10)
  An unseen horror (D:10)
  4 kobold demonologists
  2 trolls
  A hornet (D:9)
  A slime creature (D:13)
  A water elemental (D:13)
  A shadow (D:11)
  12 yaks
  Eustachio (D:4)
  5 vampire mosquitoes
  A steam dragon (D:7)
  3 wyverns
  3 water moccasins
  An acid dragon (D:10)
  An ice beast (D:6)
  9 orc warriors
  2 hornet zombies (D:6)
  A black bear (D:6)
  2 sky beasts (D:8)
  A necrophage (D:4)
  3 centaurs
  2 kobold brigands
  3 scorpions
  3 bullfrogs
  3 wyvern zombies (D:6)
  A gnoll sergeant (D:10)
  A water moccasin zombie (D:6)
  A wyvern skeleton (D:6)
  4 killer bees
  A howler monkey (D:8)
  3 jellies
  A bullfrog zombie (D:6)
  7 centaur zombies
  2 bullfrog skeletons
  2 centaur skeletons
  2 gnoll shamans
  11 orc priests
  2 iguanas
  17 orc wizards
  2 killer bee zombies (D:6)
  A centaur simulacrum (D:9)
  A hound skeleton (D:4)
  2 howler monkey zombies
  Robin (D:2)
  21 gnolls
  9 adders
  A dart slug (D:1)
  58 orcs
  10 ball pythons
  5 bats
  3 endoplasms
  24 goblins
  4 hobgoblins
  8 jackals
  17 kobolds
  5 quokkas
  3 frilled lizards
  5 rats
322 creatures vanquished.

Vanquished Creatures (others)
  11 plants (D:10)
  A withered plant (D:6)
12 creatures vanquished.

Grand Total: 334 creatures vanquished

Notes
Turn   | Place    | Note
-------+----------+-------------------------------------------
     0 | D:1      | Zeld the Tengu Air Elementalist began the quest for the
                  | Orb.
     0 | D:1      | Reached XP level 1. HP: 10/10 MP: 4/4
    22 | D:1      | Found a faded altar of an unknown god.
   200 | D:1      | Reached XP level 2. HP: 15/15 MP: 4/6
   250 | D:2      | Noticed Robin
   592 | D:3      | Learned a level 2 spell: Static Discharge
   665 | D:3      | Reached XP level 3. HP: 13/19 MP: 0/7
   669 | D:3      | Learned a level 3 spell: Swiftness
  1042 | D:4      | Noticed Eustachio
  1175 | D:3      | Found a sacrificial altar of Ru.
  1193 | D:3      | Reached skill level 5 in Air Magic
  1193 | D:3      | Reached XP level 4. HP: 13/24 MP: 1/9
  1580 | D:3      | Gained mutation: Your magical nature lets you fly swiftly
                  | and evasively. [Tengu growth]
  1580 | D:3      | Reached XP level 5. HP: 6/28 MP: 7/10
  1585 | D:3      | Learned a level 4 spell: Airstrike
  2828 | D:4      | Noticed a necrophage
  2837 | D:4      | Killed a necrophage
  2838 | D:4      | Reached XP level 6. HP: 25/32 MP: 1/12
  2980 | D:5      | Entered Level 5 of the Dungeon
  3790 | D:5      | Reached XP level 7. HP: 36/36 MP: 5/14
  4633 | D:4      | Killed Eustachio
  4634 | D:4      | Reached skill level 5 in Spellcasting
  4680 | D:4      | Reached skill level 5 in Conjurations
  4875 | D:4      | Found a shadowy altar of Dithmenos.
  5002 | D:4      | Reached XP level 8. HP: 41/41 MP: 15/17
  7427 | D:6      | Reached skill level 10 in Air Magic
  7468 | D:6      | Reached XP level 9. HP: 31/45 MP: 5/20
  7783 | D:6      | You are sucked into a shaft and drop 3 floors!
  8203 | D:7      | Found a staircase to the Ecumenical Temple.
  8214 | D:7      | Got Mamoewkuust's Disquisition on the Glacier and the
                  | Escort
  8218 | Temple   | Entered the Ecumenical Temple
  8485 | D:2      | Killed Robin
  8609 | D:1      | Found Buyfu's General Store.
  8651 | D:1      | Bought a potion of brilliance for 40 gold pieces
  8651 | D:1      | Bought a scroll of brand weapon for 200 gold pieces
  9467 | D:1      | Bought a potion of might for 40 gold pieces
  9661 | D:2      | Found Acosmu Fierph's Antique Armour Boutique.
 11431 | D:6      | Noticed a freezing wraith
 12104 | D:7      | Got the Catalogue of the Earthen Arsonist
 12118 | D:7      | Found a white marble altar of Elyvilon.
 12791 | D:6      | Noticed a freezing wraith
 13649 | D:8      | Found an iron altar of Okawaru.
 13783 | D:8      | Found a hide-covered altar of Uskayaw.
 13783 | D:8      | Found a blossoming altar of Fedhas.
 13783 | D:8      | Found an opulent altar of Gozag.
 13791 | D:8      | Became a worshipper of Gozag Ym Sagoz the Greedy
 13960 | D:8      | Reached XP level 10. HP: 50/50 MP: 0/24
 14237 | D:8      | Reached skill level 10 in Spellcasting
 14379 | D:8      | Reached skill level 1 in Fighting
 14379 | D:8      | Reached skill level 1 in Evocations
 14657 | D:9      | Noticed a manticore
 14662 | D:9      | Killed a manticore
 15014 | D:9      | Noticed a boulder beetle
 15044 | D:9      | Noticed a two-headed ogre
 15287 | D:9      | Found a shimmering blue altar of Sif Muna.
 15478 | D:9      | Killed a two-headed ogre
 16300 | D:10     | Entered Level 10 of the Dungeon
 16854 | D:9      | Noticed a two-headed ogre
 17518 | D:10     | Learned a level 3 spell: Mephitic Cloud
 17600 | D:10     | Found a staircase to the Orcish Mines.
 17628 | D:10     | Reached XP level 11. HP: 62/62 MP: 9/26
 17838 | D:9      | Killed a two-headed ogre
 17839 | D:9      | Reached skill level 5 in Fighting
 17839 | D:9      | Reached skill level 5 in Evocations
 18326 | D:9      | Noticed a purple ugly thing
 18715 | D:9      | Found Aqoh's Assorted Antiques.
 18722 | D:9      | Bought a scroll of teleportation for 81 gold pieces
 18722 | D:9      | Bought a fizzy blue potion for 24 gold pieces
 18722 | D:9      | Bought a scroll of identify for 54 gold pieces
 18722 | D:9      | Bought an ichor-stained leather armour for 189 gold pieces
 18722 | D:9      | Identified the +2 leather armour of Memifom {rF++ Int+6
                  | Slay-4} (You bought it in a shop on level 9 of the Dungeon)
 18757 | D:9      | HP: 2/64 [boulder beetle (56)]
 19413 | D:10     | Learned a level 5 spell: Fireball
 19578 | D:10     | Found Nokal's Weapon Boutique.
 19593 | D:10     | Reached skill level 5 in Dodging
 19661 | D:10     | Found a staircase to the Lair.
 19671 | D:10     | Reached skill level 5 in Stealth
 19892 | D:10     | Found a glowing golden altar of the Shining One.
 20872 | D:11     | Noticed a two-headed ogre
 20875 | D:11     | Found a bloodstained altar of Trog.
 20880 | D:11     | Killed a two-headed ogre
 21599 | D:11     | Noticed a two-headed ogre
 21604 | D:11     | Killed a two-headed ogre
 22335 | D:12     | Noticed a two-headed ogre
 22692 | D:12     | Noticed a four-headed hydra
 22699 | D:12     | Killed a four-headed hydra
 22723 | D:12     | Noticed a cyclops
 22936 | D:12     | Killed a cyclops
 23608 | D:11     | Reached XP level 12. HP: 71/72 MP: 15/27
 24222 | D:12     | Identified the +5 mace "Riocsao" {drain, rPois Int+5
                  | Stlth+}
 24237 | D:12     | Reached skill level 1 in Fire Magic
 24890 | Orc:1    | Entered Level 1 of the Orcish Mines
 24890 | Orc:1    | Found a bloodstained altar of Trog.
 25041 | D:12     | Reached skill level 1 in Poison Magic
 25343 | D:12     | Killed a two-headed ogre
 26689 | D:13     | Noticed a centaur warrior
 26691 | D:13     | Killed a centaur warrior
 26963 | D:13     | Noticed a tengu warrior
 26982 | D:13     | Killed a tengu warrior
 27239 | D:13     | Noticed a tengu reaver
 27393 | D:13     | Noticed an anaconda
 27491 | D:13     | Noticed a spark wasp
 27499 | D:13     | Killed a spark wasp
 28124 | D:13     | Killed from afar by a tengu reaver

Illustrated notes

Levels and vault maps discovered:
D:1:      saegor_arrival_simple_c, layout_basic, serial_shops,
          nicolae_diamond_shop, basic_ecumenical_altar
D:2:      layout_basic, serial_shops, shop, minmay_misc_feat_diagonals,
          uniq_robin
D:3:      layout_loops_ring, nicolae_ru_path_of_blood
D:4:      layout_cave_pods, general_overflow_altar, grunt_decor_one_mirror,
          uniq_eustachio
D:5:      layout_loops_ring
D:6:      layout_basic, serial_undead, serial_undead_c, serial_undead_a,
          serial_undead_b, serial_undead_e, serial_undead_b, serial_undead_d,
          serial_undead_c
D:7:      layout_basic, mainiacjoe_overflow_small_starburst,
          minmay_temple_entry_large_hall
D:8:      layout_basic, okawaru_metal_pillars_1_2,
          chequers_temple_overflow_statue_of_worship
D:9:      nzn_winding_woodlands_three_and_one
          [nzn_winding_woodlands_5x15_longhouse,
          nzn_winding_woodlands_5x15_pool, nzn_winding_woodlands_5x15_sawtooth,
          nzn_winding_woodlands_center_triple_pond], layout_stronghold,
          amcnicky_altar_gilded, serial_shops, shop
D:10:     layout_rooms, mainiacjoe_overflow_boulevard, david_lair_shrubbed,
          hiddenorc1_lemuel, serial_shops, shop, kennysheep_decorative_pillar,
          chequers_serial_rivers_micro_d, kennysheep_generic_room_7
D:11:     layout_cave_pods, minmay_splitting_lines, chequers_avenue,
          trog_three_pillars_becter
D:12:     layout_loops_ring
D:13:     layout_basic, kennysheep_island_fort
Temple:   cyrus_circular_temple
Orc:1:    layout_caves, basic_altar, serial_shops, nicolae_square_shop,
          kennysheep_orc_sif_temple, uniq_erolcha

Skill      XL: |  1  2  3  4  5  6  7  8  9 10 11 12 |
---------------+-------------------------------------+-----
Conjurations   | 2 3 4 5 6 8 |  8.0
Spellcasting   | 3 4 5 6 9 10 | 10.0
Air Magic      | 5 6 7 8 10 | 10.0
Fighting       | 4 7 8 |  8.8
Evocations     | 4 7 8 |  8.8
Dodging        | 4 6 7 |  7.1
Stealth        | 4 6 7 |  7.0
Fire Magic     | 3 |  3.1
Poison Magic   | 2 |  2.0

Action                   |  1- 3 |  4- 6 |  7- 9 | 10-12 || total
-------------------------+-------+-------+-------+-------++-------
Melee: Unarmed           |    11 |    10 |       |       ||    21
       Kick              |     3 |     2 |    23 |    30 ||    58
       Peck              |     2 |     4 |    13 |    20 ||    39
       Staff             |       |     4 |    69 |    53 ||   126
       Punch             |       |       |     2 |     2 ||     4
       Mace              |       |       |       |    29 ||    29
 Cast: Shock             |    42 |    30 |    24 |    22 ||   118
       Static Discharge  |     5 |    24 |    14 |     3 ||    46
       Airstrike         |       |     2 |   155 |   295 ||   452
       Swiftness         |       |       |     3 |     1 ||     4
       Fireball          |       |       |       |     4 ||     4
       Mephitic Cloud    |       |       |       |     2 ||     2
Invok: Call Merchant     |       |       |       |     1 ||     1
Evoke: Wand              |       |       |     5 |     8 ||    13
  Use: Scroll            |       |       |     6 |     8 ||    14
 Stab: Sleeping          |       |     2 |     1 |       ||     3
Armor: Robe              |     6 |     9 |    17 |    10 ||    42
       Leather armour    |       |       |       |    35 ||    35
Dodge: Dodged            |    21 |    32 |    88 |   157 ||   298
Block: Other             |       |     1 |    23 |    52 ||    76
       Reflection        |       |       |     1 |     3 ||     4
